 Dungeon Crawl Stone Soup version 0.21.0-3-g78d12a8 (webtiles) character file.

8316 FrothyCoffee the Destroyer (level 11, 0/74 HPs)
             Began as a White Draconian Fire Elementalist on Jan 9, 2018.
             Was a Priest of Vehumet.
             Slain by an iguana (9 damage)
             ... on level 9 of the Dungeon.
             The game lasted 01:03:21 (16251 turns).

FrothyCoffee the Destroyer (DrFE)                  Turns: 16251, Time: 01:03:22

Health: 0/74       AC:  7    Str: 11    XL:     11   Next: 8%
Magic:  18/33      EV: 12    Int: 18    God:    Vehumet [***...]
Gold:   398        SH:  2    Dex: 12    Spells: 7/28 levels left

rFire    . . .     SeeInvis .   I - staff of wizardry
rCold    + . .     Gourm    .   (no shield)
rNeg     . . .     Faith    .   (armour unavailable)
rPois    .         Spirit   .   (helmet restricted)
rElec    .         Reflect  +   (no cloak)
rCorr    .         Harm     .   (no gloves)
MR       .....                  (no boots)
Stlth    ++........             B - +2 amulet of reflection
HPRegen  0.22/turn              (no ring)
MPRegen  0.23/turn              v - ring of magical power

@: no status effects
A: breathe frost, unfitting armour, cold resistance 1, cold-blooded, AC +7
a: Breathe Frost, Renounce Religion


You were on level 9 of the Dungeon.
You worshipped Vehumet.
Vehumet was most pleased with you.
You were not hungry.

You visited 1 branch of the dungeon, and saw 9 of its levels.

You collected 398 gold pieces.

Inventory:

Hand Weapons
 a - a +1 short sword
 b - a +0 hunting sling
 n - a +3 dagger
Missiles
 f - 417 stones (quivered)
 m - 129 poisoned needles
 o - 2 curare-tipped needles
 N - a throwing net
Armour
 C - a +0 cloak
 J - the +1 buckler of Light {+Fly rF- rC++ rN+++}
   (You found it on level 5 of the Dungeon)

   It makes you vulnerable to fire.
   It greatly protects you from cold.
   It renders you almost immune to negative energy.
   It lets you fly.
Magical Staves
 I - an uncursed staff of wizardry (weapon)
Jewellery
 u - an uncursed ring of ice
 v - a ring of magical power (right hand)
 B - a +2 amulet of reflection (around neck)
 Q - an uncursed amulet of the gourmand {unknown}
 S - an uncursed amulet of the gourmand {unknown}
Wands
 D - a wand of paralysis (26)
 H - a wand of flame (21)
Scrolls
 d - 4 scrolls of fog
 g - 2 scrolls of enchant weapon
 j - a scroll of random uselessness {unknown}
 l - a scroll of noise {unknown}
 p - 4 scrolls of blinking
 r - 5 scrolls of remove curse
 t - a scroll of magic mapping {unknown}
 y - a scroll of enchant armour {unknown}
 z - 2 scrolls of teleportation
 E - 4 scrolls of amnesia {unknown}
 M - 3 scrolls of fear {unknown}
 P - a scroll of immolation {unknown}
 T - 2 scrolls of identify
Potions
 c - 3 potions of curing
 e - a potion of haste
 h - 3 potions of berserk rage {unknown}
 i - 2 potions of invisibility {unknown}
 q - a potion of lignification {unknown}
 s - a potion of heal wounds {unknown}
 w - a potion of might {unknown}
 A - a potion of agility {unknown}
 F - 3 potions of magic
 G - 2 potions of flight {unknown}
 K - a potion of resistance {unknown}
 L - a potion of mutation {unknown}
Books
 k - a book of Flames

   Spells                             Type                      Level
   a - Flame Tongue                   Conjuration/Fire             1
   b - Throw Flame                    Conjuration/Fire             2
   c - Conjure Flame                  Conjuration/Fire             3
   d - Inner Flame                    Hexes/Fire                   3
   e - Sticky Flame                   Conjuration/Fire             4
   f - Fireball                       Conjuration/Fire             5
 R - a book of Debilitation

   Spells                             Type                      Level
   a - Corona                         Hexes                        1
   b - Slow                           Hexes                        2
   c - Inner Flame                    Hexes/Fire                   3
   d - Portal Projectile              Hexes/Translocation          3
   e - Cause Fear                     Hexes                        4
   f - Leda's Liquefaction            Hexes/Earth                  4
Comestibles
 x - 10 rations


   Skills:
 - Level 1.7 Dodging
 - Level 1.7 Stealth
 + Level 9.1 Spellcasting
 * Level 13.1 Conjurations
 - Level 4.5 Fire Magic


You had 7 spell levels left.
You knew the following spells:

 Your Spells              Type           Power        Failure   Level  Hunger
a - Flame Tongue          Conj/Fire      #####        1%          1    None
b - Throw Flame           Conj/Fire      #####.       1%          2    None
c - Conjure Flame         Conj/Fire      #####...     1%          3    None
d - Sticky Flame          Conj/Fire      #####...     1%          4    ###....
e - Fireball              Conj/Fire      #####.....   1%          5    #####..
f - Mephitic Cloud        Conj/Pois/Air  ###.....     1%          3    None
z - Inner Flame           Hex/Fire       ###.....     1%          3    None


Dungeon Overview and Level Annotations

Branches:
Dungeon (9/15)             Temple (0/1) D:7            Lair (0/6) D:9
    Orc (0/2) D:9

Altars:
Makhleb
Qazlal
Sif Muna
Trog
Uskayaw
Vehumet
Xom
Yredelemnul
The Shining One

Shops:
D:4 (

Annotations:
D:1 exclusion: downstairs
D:5 exclusion: crimson imp


Innate Abilities, Weirdness & Mutations

You can breathe waves of freezing cold.
You can buffet flying creatures when you breathe cold.
Your icy white scales are hard. (AC +7)
You cannot fit into any form of body armour.
Your flesh is cold resistant. (rC+)
You are cold-blooded and may be slowed by cold attacks.


Message History

The slime creature hits you but does no damage.
The slime creature burns!
The slime creature burns!
The slime creature burns!
The iguana hisses angrily.
The slime creature burns!
The slime creature burns!
The slime creature burns!
The iguana bites you!
* * * LOW HITPOINT WARNING * * *
Casting: Sticky Flame
Confirm with . or Enter, or press ? or * to list all spells.
Aiming: Sticky Flame
Press: ? - help, Shift-Dir - straight line, f - iguana, p - slime creature
Aim: an iguana The sticky flame hits the iguana.
The iguana is lightly wounded.
The iguana is covered in liquid flames!
The slime creature burns!
The iguana burns!
The iguana bites you!
You die...

######### #####.#.#######
#.......# #.....#.......#
#.....#.# #รท##..#######.#
########.#.#####.##.......##.####
#.....##.#.#.J.#.#...........#...
#####.##.#.#.#.#.########.####...
#.#....#.#.#......#..........
#.#....#J#.######.#.#.###....
#........#.J@..##.#.#.#.#....
###......#.l...##.#.#...#.... .
#............##.#.###.##...
..#####.#.##.#........#...#.##...
.l'...#.#....#........#.#.#.##...
..###l#.###..##....##.#...#.##...
. #.#.###........##.......#####
#.#.#....#.........P.P...##
#.#.#.####.(....PPPPPP....#


You could see a slime creature (burning) and an iguana (burning).

Vanquished Creatures
  2 two-headed ogres (D:8)
  A slime creature (D:9)
  The ghost of Aviak the Skirmisher, a novice OpAK of Lugonu (D:6)
  A cyclops (D:6)
  Grinder (D:6)
  A wyvern (D:9)
  A human (D:7)
  3 hogs (D:7)
  5 yaks
  A hungry ghost (D:9)
  A porcupine (D:9)
  A hornet zombie (D:9)
  4 orc warriors
  4 ice beasts
  A sky beast (D:5)
  A black bear (D:8)
  A necrophage (D:8)
  2 ogres (D:5)
  4 centaurs
  A phantom (D:6)
  A big kobold (D:8)
  A crocodile (D:9)
  6 bullfrogs
  6 scorpions
  6 killer bees
  A howler monkey (D:5)
  2 jellies (D:3)
  3 hounds
  2 orc priests
  Jessica (D:2)
  Natasha (twice) (D:2)
  Ijyb (D:4)
  2 iguanas
  8 orc wizards
  5 worker ants
  Robin (D:4)
  12 adders
  4 gnolls (D:6)
  A shadow imp (D:9)
  8 oozes (D:3)
  2 dart slugs (D:1)
  4 worms
  10 leopard geckos
  30 orcs
  9 bats
  6 giant cockroaches
  15 goblins
  9 hobgoblins
  3 jackals (D:3)
  23 kobolds
  7 quokkas
  3 ball pythons
  4 frilled lizards
  A jackal skeleton (D:8)
  A jackal zombie (D:5)
  8 rats
245 creatures vanquished.

Vanquished Creatures (others)
  An iguana (D:7)
  2 fungi
  9 toadstools (D:3)
12 creatures vanquished.

Grand Total: 257 creatures vanquished

Notes
Turn   | Place    | Note
-------+----------+-------------------------------------------
     0 | D:1      | FrothyCoffee the Draconian Fire Elementalist began the quest for the Orb.
     0 | D:1      | Reached XP level 1. HP: 14/14 MP: 3/3
   203 | D:1      | Reached XP level 2. HP: 14/20 MP: 1/5
   923 | D:1      | Reached skill level 2 in Conjurations
  1352 | D:2      | Reached XP level 3. HP: 26/26 MP: 0/6
  1370 | D:2      | Learned a level 2 spell: Throw Flame
  1384 | D:2      | Noticed Natasha
  1413 | D:1      | Learned a level 3 spell: Conjure Flame
  1644 | D:2      | Found a faded altar of an unknown god.
  1723 | D:2      | Killed Natasha
  1723 | D:2      | Reached XP level 4. HP: 19/33 MP: 0/7
  2007 | D:2      | Noticed Natasha
  2012 | D:2      | Found a radiant altar of Vehumet.
  2028 | D:2      | Became a worshipper of Vehumet
  2176 | D:2      | Noticed Jessica
  2185 | D:2      | Killed Jessica
  2185 | D:2      | Reached skill level 3 in Conjurations
  2870 | D:2      | Killed Natasha
  2870 | D:2      | Reached XP level 5. HP: 34/38 MP: 1/9
  4098 | D:3      | Reached XP level 6. HP: 45/45 MP: 0/10
  4530 | D:3      | Reached * piety under Vehumet
  4530 | D:3      | Offered knowledge of Sandblast by Vehumet.
  4816 | D:3      | Reached skill level 4 in Conjurations
  4816 | D:3      | Reached skill level 5 in Fire Magic
  6408 | D:4      | Your scales start taking on an icy white colour.
  6408 | D:4      | Reached XP level 7. HP: 50/50 MP: 12/12
  6408 | D:4      | Gained mutation: Your flesh is cold resistant. (rC+) [White Draconian growth]
  6495 | D:4      | Noticed Ijyb
  6501 | D:4      | Paralysed by Ijyb for 6 turns
  6507 | D:4      | Killed Ijyb
  6847 | D:4      | Noticed Robin
  6875 | D:4      | Killed Robin
  7144 | D:4      | Found Kunueqar's Weapon Shop.
  7154 | D:4      | Reached ** piety under Vehumet
  7314 | D:4      | Learned a level 4 spell: Sticky Flame
  7477 | D:5      | Entered Level 5 of the Dungeon
  7505 | D:5      | Got a shimmering buckler
  7508 | D:5      | Identified the +1 buckler of Light {+Fly rF- rC++ rN+++} (You found it on level 5 of the Dungeon)
  7612 | D:5      | Reached skill level 5 in Conjurations
  7741 | D:5      | Offered knowledge of Sting by Vehumet.
  8235 | D:5      | Reached skill level 6 in Conjurations
  8462 | D:5      | Reached XP level 8. HP: 57/57 MP: 15/15
  8835 | D:6      | Noticed Aviak's ghost (novice OpAK)
  9170 | D:6      | Noticed a cyclops
  9180 | D:6      | Killed a cyclops
  9180 | D:6      | Reached skill level 5 in Spellcasting
  9180 | D:6      | Reached skill level 7 in Conjurations
  9232 | D:6      | Reached skill level 8 in Conjurations
  9243 | D:6      | Learned a level 5 spell: Fireball
  9549 | D:6      | Killed Aviak's ghost
  9952 | D:6      | Noticed Grinder
  9964 | D:6      | Killed Grinder
  9964 | D:6      | Reached skill level 9 in Conjurations
  9964 | D:6      | Reached XP level 9. HP: 62/62 MP: 14/18
 10379 | D:6      | Found a basalt altar of Yredelemnul.
 10536 | D:6      | Found a stormy altar of Qazlal.
 10936 | D:7      | Reached skill level 10 in Conjurations
 11179 | D:7      | Found a glowing golden altar of the Shining One.
 11182 | D:7      | Found a basalt altar of Yredelemnul.
 11185 | D:7      | Noticed a profane servitor
 11242 | D:7      | Found a staircase to the Ecumenical Temple.
 11287 | D:7      | Learned a level 3 spell: Inner Flame
 12195 | D:7      | Noticed an angel
 12234 | D:8      | Offered knowledge of Mephitic Cloud by Vehumet.
 12349 | D:8      | Learned a level 3 spell: Mephitic Cloud
 12408 | D:8      | Reached skill level 11 in Conjurations
 12412 | D:8      | Reached XP level 10. HP: 69/69 MP: 21/21
 12415 | D:8      | Reached *** piety under Vehumet
 13728 | D:8      | Found a bloodstained altar of Trog.
 13730 | D:8      | Found a hide-covered altar of Uskayaw.
 13731 | D:8      | Found a deep blue altar of Sif Muna.
 13736 | D:8      | Found a burning altar of Makhleb.
 13736 | D:8      | Found a shimmering altar of Xom.
 13753 | D:8      | Noticed a two-headed ogre
 13760 | D:8      | Noticed a two-headed ogre
 13762 | D:8      | Killed a two-headed ogre
 13787 | D:8      | Killed a two-headed ogre
 13787 | D:8      | Reached skill level 12 in Conjurations
 15077 | D:9      | Found a staircase to the Orcish Mines.
 15869 | D:9      | Found a staircase to the Lair.
 16072 | D:9      | Reached XP level 11. HP: 74/74 MP: 24/24
 16092 | D:9      | Reached skill level 13 in Conjurations
 16251 | D:9      | Slain by an iguana

Skill      XL: |  1  2  3  4  5  6  7  8  9 10 11 |
---------------+----------------------------------+-----
Conjurations   | 2 3 4 6 9 11 12 13 | 13.1
Fire Magic     | 4 4 |  4.5
Spellcasting   | 3 4 6 7 9 |  9.1
Dodging        | |  1.7
Stealth        | |  1.7

Action                   |  1- 3 |  4- 6 |  7- 9 | 10-12 || total
-------------------------+-------+-------+-------+-------++-------
Melee: Short sword       |    25 |    59 |       |       ||    84
       Dagger            |     8 |       |       |       ||     8
       Tailslap          |     3 |     3 |     3 |    13 ||    22
       Staff             |       |       |    36 |   244 ||   280
 Fire: Hunting sling     |       |    13 |       |       ||    13
Throw: Stone             |    52 |     6 |       |       ||    58
 Cast: Flame Tongue      |    37 |    57 |    69 |    55 ||   218
       Throw Flame       |     6 |    94 |   134 |    89 ||   323
       Conjure Flame     |     2 |     8 |    14 |    15 ||    39
       Sticky Flame      |       |       |    22 |    23 ||    45
       Fireball          |       |       |     3 |     5 ||     8
       Mephitic Cloud    |       |       |       |     7 ||     7
  Use: Scroll            |       |     6 |     3 |     1 ||    10
       Potion            |       |       |     1 |       ||     1
 Stab: Sleeping          |       |       |       |     1 ||     1
  Eat: Chunk             |     3 |     9 |    21 |     5 ||    38
       Ration            |       |     3 |     2 |     3 ||     8
Armor: Skin              |    17 |    28 |    33 |   122 ||   200
Dodge: Dodged            |    18 |    52 |    61 |   197 ||   328
Block: Other             |       |       |     2 |    18 ||    20
       Reflection        |       |       |     1 |       ||     1
